 Dungeon Crawl Stone Soup version 0.25-b1-23-ge2ad7d536c (webtiles) character file.

Game seed: 5613511042272565857, levelgen mode: deterministic

2577 Esekla the Magician (level 9, -5/55 HPs)
             Began as an Octopode Wizard on June 3, 2020.
             Slain by an ice beast (12 damage)
             ... on level 7 of the Dungeon.
             The game lasted 00:53:51 (6804 turns).

Esekla the Magician (Octopode Wizard)               Turns: 6804, Time: 00:53:52

Health: -5/55      AC:  3    Str:  8    XL:     9   Next: 57%
Magic:  12/18      EV: 14    Int: 22    God:
Gold:   487        SH:  0    Dex: 10    Spells: 7/20 levels left

rFire    + . .     SeeInvis +   v - +1 falchion
rCold    . . .     Gourm    .   (no shield)
rNeg     . . .     Faith    .   i - +2 hat {SInv}
rPois    .         Spirit   .   m - amulet of regeneration
rElec    .         Reflect  .   b - ring of stealth
rCorr    .         Harm     .   B - ring of protection from fire
MR       .....                  (no ring)
Stlth    ++++......             (no ring)
HPRegen  0.58/turn              (no ring)
MPRegen  0.16/turn              (no ring)
                                (no ring)
                                (no ring)

@: no status effects
A: almost no armour, stealthy swim, amphibious, 8 rings, constrict 8, camouflage
1, gelatinous body 1
a: no special abilities


You were on level 7 of the Dungeon.
You were not hungry.

You visited 1 branch of the dungeon, and saw 7 of its levels.

You collected 487 gold pieces.

Inventory:

Hand Weapons
 t - a +0 short sword
 v - a +1 falchion (weapon)
 A - a cursed -2 halberd
 I - a +2 dagger of protection
Missiles
 l - 8 poisoned darts (quivered)
 H - 7 curare-tipped darts
Armour
 i - a +2 hat of see invisible (worn)
 y - a +0 kite shield
Jewellery
 b - a ring of stealth (left tentacle)
 m - an amulet of regeneration (around mantle)
 p - an uncursed amulet of the acrobat
 B - a ring of protection from fire (right tentacle)
Wands
 n - a wand of flame (13)
 z - a wand of polymorph (12)
Scrolls
 a - 5 scrolls of amnesia
 e - 4 scrolls of remove curse
 f - 2 scrolls of magic mapping
 h - 2 scrolls of fog
 k - 4 scrolls of teleportation
 r - 2 scrolls of enchant weapon
 w - a scroll of noise {unknown}
 D - 2 scrolls of identify
 E - a scroll of blinking {unknown}
 F - a scroll of immolation {unknown}
Potions
 d - 2 potions of brilliance {unknown}
 g - a potion of cancellation {unknown}
 j - 5 potions of curing
 o - a potion of invisibility {unknown}
 q - a potion of haste
 s - 2 potions of flight
 u - a potion of resistance
 x - a potion of heal wounds {unknown}
 C - a potion of lignification {unknown}
Comestibles
 c - 10 rations
 G - 8 chunks of flesh


   Skills:
 + Level 2.6 Fighting
 + Level 2.1(3.1) Short Blades
 + Level 3.5(3.8) Long Blades
 + Level 2.7 Throwing
 + Level 3.6 Dodging
 - Level 2.6 Stealth
 * Level 6.3 Spellcasting
 + Level 3.1 Conjurations
   Level 1.0 Summonings
 + Level 3.6 Translocations
 * Level 2.6 Fire Magic
 * Level 4.3 Air Magic
 * Level 5.2 Poison Magic


You had 7 spell levels left.
You knew the following spells:

 Your Spells              Type           Power        Failure   Level  Hunger
a - Magic Dart            Conj           ###.         2%          1    None
b - Blink                 Tloc           N/A          3%          2    None
c - Mephitic Cloud        Conj/Pois/Air  ####....     4%          3    #......
f - Conjure Flame         Conj/Fire      ###.....     8%          3    #......
y - Sticky Flame          Conj/Fire      ###.....     26%         4    ###....

Your spell library contained the following spells:

 Spells                   Type           Power        Failure   Level  Hunger
 Foxfire                  Conj/Fire      ###.         2%          1    None
 Beastly Appendage        Tmut           #.....       9%          1    None
 Call Imp                 Summ           ##......     9%          2    None
 Spider Form              Tmut/Pois      ###.......   9%          3    #......
 Slow                     Hex            #.......     13%         2    None
 Sticks to Snakes         Tmut           #.......     13%         2    None
 Inner Flame              Hex/Fire       ##......     16%         3    #......
 Fireball                 Conj/Fire      ###.......   58%         5    #####..
 Ice Form                 Ice/Tmut       #.......     65%         4    ###....
 Blade Hands              Tmut           #.........   94%         5    #####..


Dungeon Overview and Level Annotations

Branches:
Dungeon (7/15)
 Temple: D:4-7

Altars:
Elyvilon
Fedhas
Kikubaaqudgha
Trog
Wu Jian

Annotations:
D:5 Grinder


Innate Abilities, Weirdness & Mutations

You cannot wear most types of armour.
You are very stealthy in the water. (Stealth+)
You are amphibious.
You can wear up to eight rings at the same time.
You can use your tentacles to constrict eight enemies at once.
Your skin changes colour to match your surroundings (Stealth+).
Your rubbery body absorbs attacks. (AC +1, EV +1)


Message History

The ice beast is heavily wounded.
The ice beast completely misses you.
You riposte.
You barely miss the ice beast.
The ice beast is heavily wounded.
You barely miss the ice beast.
The ice beast is heavily wounded.
The ice beast hits you. The ice beast freezes you!
You hit the ice beast.
The ice beast is severely wounded.
The ice beast completely misses you.
You riposte.
You hit the ice beast but do no damage.
The ice beast is severely wounded.
You hit the ice beast but do no damage.
The ice beast is severely wounded.
The ice beast hits you. The ice beast freezes you!
* * * LOW HITPOINT WARNING * * *
The ice beast hits you.
* * * LOW HITPOINT WARNING * * *
The ice beast freezes you!
You die...

.....#.##.##..#.....#..##
#....##>##..#.....#.. #
#.......##.......... ##
####..#####.#.....#.##.
#........#.....#....
#..###.#####.#####.#
#..#..8..#.....#....
##.#Y....#..#..#.(..
#.@8.8.8..# #......
#[#.....#..#..#.)..
#.#..8..#.....#....
#.###.#####.#####.#
#.......#.....#....
######..#..⌠..#.###
#....⌠⌠⌠...#
#..#..⌠..#.##
#..#.....#..##


You could see an ice beast.

Vanquished Creatures
  Maggie (D:7)
  Prince Ribbit (D:5)
  Sigmund (D:5)
  Eustachio (D:4)
  Duvessa (D:7)
  A phantom (D:5)
  An ice beast (D:6)
  An orc warrior (D:5)
  5 ogres
  3 scorpions
  Dowan (D:7)
  2 crimson imps
  3 hounds
  6 orc wizards
  An orc priest (D:6)
  2 bullfrog skeletons
  3 iguanas
  Ijyb (D:5)
  Terence (D:3)
  3 worker ants
  A killer bee zombie (D:7)
  A hound skeleton (D:4)
  A howler monkey zombie (D:5)
  7 adders
  2 shadow imps
  2 oozes
  2 adder skeletons
  3 worms
  5 dart slugs
  2 leopard geckos
  11 orcs
  4 bats
  5 giant cockroaches
  8 goblins
  4 hobgoblins
  2 quokkas
  4 frilled lizards
  A jackal skeleton (D:5)
  9 kobolds
  10 rats
123 creatures vanquished.

Notes
Turn   | Place    | Note
-------+----------+-------------------------------------------
     0 | D:1      | Esekla the Octopode Wizard began the quest for the Orb.
     0 | D:1      | Reached XP level 1. HP: 11/11 MP: 4/4
   295 | D:1      | Reached XP level 2. HP: 5/17 MP: 1/6
   299 | D:1      | Learned a level 2 spell: Blink
  1581 | D:2      | Reached XP level 3. HP: 17/21 MP: 8/8
  1597 | D:2      | Learned a level 3 spell: Mephitic Cloud
  1601 | D:2      | Learned a level 3 spell: Conjure Flame
  1730 | D:2      | Reached skill level 4 in Spellcasting
  2357 | D:3      | Reached XP level 4. HP: 27/27 MP: 8/10
  2406 | D:3      | Noticed Terence
  2484 | D:3      | Killed Terence
  2684 | D:3      | Found a bloodstained altar of Trog.
  3013 | D:4      | Reached XP level 5. HP: 28/32 MP: 3/11
  3017 | D:4      | Noticed an ogre
  3055 | D:3      | Killed an ogre
  3055 | D:3      | Reached skill level 1 in Fighting
  3055 | D:3      | Reached skill level 1 in Air Magic
  3055 | D:3      | Reached skill level 1 in Poison Magic
  3161 | D:4      | Reached XP level 6. HP: 18/38 MP: 9/13
  3396 | D:4      | Reached skill level 1 in Short Blades
  3525 | D:4      | Noticed Eustachio
  3652 | D:4      | Killed Eustachio
  3652 | D:4      | Reached skill level 1 in Throwing
  3652 | D:4      | Reached skill level 5 in Spellcasting
  3652 | D:4      | Reached XP level 7. HP: 44/44 MP: 11/14
  3940 | D:4      | Reached skill level 1 in Long Blades
  3981 | D:5      | Entered Level 5 of the Dungeon
  4062 | D:5      | Reached XP level 8. HP: 38/50 MP: 12/15
  4093 | D:5      | Found an ornate altar of the Wu Jian Council.
  4385 | D:5      | Found a blossoming altar of Fedhas.
  4427 | D:5      | Noticed Sigmund
  4461 | D:5      | Found an ornate altar of the Wu Jian Council.
  4493 | D:5      | Noticed Prince Ribbit
  4519 | D:5      | Found an ancient bone altar of Kikubaaqudgha.
  4551 | D:5      | Killed Prince Ribbit
  4598 | D:5      | Noticed Ijyb
  4664 | D:5      | Noticed Grinder
  4684 | D:5      | Learned a level 4 spell: Sticky Flame
  4805 | D:5      | Killed Ijyb
  5097 | D:5      | Killed Sigmund
  5097 | D:5      | Reached skill level 1 in Fire Magic
  5650 | D:6      | Reached XP level 9. HP: 55/55 MP: 15/17
  6088 | D:6      | Reached skill level 6 in Spellcasting
  6295 | D:7      | Noticed Maggie
  6398 | D:7      | Killed Maggie
  6398 | D:7      | Reached skill level 5 in Poison Magic
  6642 | D:7      | Noticed Duvessa
  6642 | D:7      | Noticed Dowan
  6662 | D:7      | Killed Dowan
  6666 | D:7      | Found a white marble altar of Elyvilon.
  6682 | D:7      | Killed Duvessa
  6804 | D:7      | Slain by an ice beast

Illustrated notes

Levels and vault maps discovered:
D:1:      dpeg_arrival_round_a, layout_basic, item_on_display_a
D:2:      minmay_diamond_boxcup, layout_rooms
D:3:      layout_rooms, marbit_many_paths, uniq_terence
D:4:      layout_basic, nzn_random_ring, uniq_eustachio
D:5:      layout_gridville, kennysheep_mini_moat, fedhas_altar_3,
          kiku_gazebo_pond_becter, first_ration, nrook_loot_triangle,
          lemuel_statue_altar, uniq_ijyb, uniq_sigmund, uniq_grinder,
          uniq_prince_ribbit1
D:6:      layout_cave_pools
D:7:      layout_loops_cross, minmay_temple_entry_junction, basic_altar,
          serial_shops, nicolae_shop_competitors_out_of_business,
          minmay_chambers_of_fives, uniq_duvessa, uniq_maggie

Skill      XL: |  1  2  3  4  5  6  7  8  9 |
---------------+----------------------------+-----
Spellcasting   | 4 5 6 |  6.3
Fighting       | 1 2 |  2.6
Air Magic      | 1 2 3 4 |  4.3
Poison Magic   | 1 2 3 4 5 |  5.2
Translocations | 2 3 |  3.6
Short Blades   | 1 2 |  2.1
Throwing       | 1 2 |  2.7
Long Blades    | 1 3 |  3.5
Conjurations   | 2 3 |  3.1
Dodging        | 3 |  3.6
Fire Magic     | 1 2 |  2.6
Stealth        | |  2.6
Summonings     | |  1.0

Action                   |  1- 3 |  4- 6 |  7- 9 || total
-------------------------+-------+-------+-------++-------
Melee: Dagger            |    56 |    29 |       ||    85
       Constrict         |    17 |    22 |    55 ||    94
       Tentacles         |     5 |     9 |    45 ||    59
       Short sword       |       |    55 |    10 ||    65
       Falchion          |       |       |   195 ||   195
Throw: Dart              |       |    29 |    51 ||    80
 Cast: Magic Dart        |    34 |    31 |    80 ||   145
       Mephitic Cloud    |     1 |     4 |    16 ||    21
       Blink             |       |     2 |    13 ||    15
       Conjure Flame     |       |       |     1 ||     1
  Use: Scroll            |       |       |    13 ||    13
       Potion            |       |       |     3 ||     3
 Stab: Sleeping          |     9 |     6 |    10 ||    25
       Confused          |       |     4 |     6 ||    10
  Eat: Chunk             |     4 |     5 |     7 ||    16
       Ration            |       |       |     1 ||     1
Armor: Skin              |     1 |     7 |    19 ||    27
Dodge: Dodged            |    44 |    50 |   147 ||   241
       Rpst.: Falchion   |       |       |    49 ||    49
